 Dungeon Crawl Stone Soup version 0.21-a0-507-ga8f6b7a (webtiles) character file.

24819 slep the Spear-Bearer (level 12, -24/110 HPs)
             Began as a Minotaur Fighter on Nov 28, 2017.
             Was the Champion of Okawaru.
             Annihilated by a very large slime creature (61 damage)
             ... on level 13 of the Dungeon.
             The game lasted 00:58:22 (10733 turns).

slep the Spear-Bearer (Minotaur Fighter)           Turns: 10733, Time: 00:58:23

Health: -24/110    AC: 18    Str: 22 (23) XL:     12   Next: 84%
Magic:  11/11      EV:  8    Int:  7 (8)  God:    Okawaru [******]
Gold:   602        SH:  0    Dex: 11      Spells: 11/11 levels left

rFire    . . .     SeeInvis .   N - +0 trident (freeze)
rCold    . . .     Gourm    .   R - +0 large shield {AC+3}
rNeg     . . .     Faith    .   D - +0 chain mail "Giol" {Regen+ Int+3} (curse)
rPois    +         Spirit   .   (helmet unavailable)
rElec    .         Reflect  .   w - +0 cloak
rCorr    .         Harm     +   E - +0 pair of gloves
MR       .....                  (no boots)
Stlth    ..........             Z - amulet of harm
HPRegen  0.68/turn              k - ring of poison resistance
MPRegen  0.12/turn              s - +5 ring of slaying

@: confused, drained
A: retaliatory headbutt, horns 3, clumsy 1, deterioration 1, mutation resistance
1
a: Heroism, Finesse, Renounce Religion


You were on level 13 of the Dungeon.
You worshipped Okawaru.
Okawaru was exalted by your worship.
You were hungry.

You visited 2 branches of the dungeon, and saw 14 of its levels.

You collected 602 gold pieces.

Inventory:

Hand Weapons
 N - a +0 trident of freezing (weapon)
Missiles
 l - 39 poisoned needles
Armour
 c - a +4 chain mail of fire resistance
 o - a +2 chain mail of fire resistance
 w - a +0 cloak (worn)
 D - the cursed +0 chain mail "Giol" (worn) {Regen+ Int+3}
   (You found it on level 6 of the Dungeon)

   It affects your intelligence (+3).
   It increases your rate of regeneration.
   It has a curse placed upon it.
 E - a +0 pair of gloves (worn)
 K - a cursed -2 ring mail
 L - the +1 robe "Bov Muv" {Str+6 Int-4, unknown}
   (You found it on level 10 of the Dungeon)

   It affects your strength (+6).
   It affects your intelligence (-4).
 O - a +2 shield of reflection
 R - a +0 large shield of protection (worn)
Jewellery
 b - a +2 amulet of reflection
 k - a ring of poison resistance (left hand)
 s - a +5 ring of slaying (right hand)
 P - an uncursed ring of wizardry
 Z - an amulet of harm (around neck)
Wands
 t - a wand of flame (18)
 x - a wand of acid (22)
 B - a wand of disintegration (23)
 C - a wand of enslavement (13)
 H - a wand of polymorph (10)
 M - a wand of paralysis (22)
 Q - a wand of clouds (4)
 S - a wand of iceblast (4)
Scrolls
 e - 2 scrolls of teleportation {unknown}
 h - 9 scrolls of identify {unknown}
 i - 4 scrolls of magic mapping {unknown}
 n - 5 scrolls of remove curse {unknown}
 p - 2 scrolls of fog {unknown}
 q - 3 scrolls of enchant armour {unknown}
 r - 2 scrolls of blinking {unknown}
 u - 2 scrolls of amnesia {unknown}
 v - 2 scrolls of immolation {unknown}
 y - 4 scrolls of enchant weapon {unknown}
 G - 4 scrolls of random uselessness {unknown}
 V - a scroll of brand weapon {unknown}
Potions
 a - a potion of lignification
 d - 2 potions of might
 j - 4 potions of curing
 z - 3 potions of cancellation
 A - a potion of mutation {unknown}
 F - a potion of haste
 T - 2 potions of heal wounds
 U - a potion of magic {unknown}
 X - a potion of berserk rage {unknown}
Books
 J - a book of Air

   Spells                             Type                      Level
   a - Shock                          Conjuration/Air              1
   b - Swiftness                      Charms/Air                   2
   c - Static Discharge               Conjuration/Air              3
   d - Airstrike                      Air                          4
   e - Lightning Bolt                 Conjuration/Air              5
Comestibles
 f - 5 bread rations
 g - 8 meat rations
 m - 13 royal jellies
 W - 5 chunks of flesh
 Y - 4 fruits


   Skills:
 + Level 11.2(10.8) Fighting
 + Level 14.8(14.4) Polearms
 + Level 11.6(11.3) Armour
 + Level 4.7(4.4) Dodging
 + Level 1.7(1.5) Stealth
 + Level 13.2(12.8) Shields
 + Level 1.0(0.7) Unarmed Combat


You had 11 spell levels left.
You didn't know any spells.

Dungeon Overview and Level Annotations

Branches:
Dungeon (13/15)            Temple (1/1) D:4            Lair (0/6) D:9
    Orc (0/2) D:9
 Vaults: D:13-14

Altars:
Ashenzari
Cheibriados
Dithmenos
Elyvilon
Fedhas
Gozag
Hepliaklqana
Kikubaaqudgha
Makhleb
Nemelex Xobeh
Okawaru
Qazlal
Ru
Sif Muna
Trog
Uskayaw
Vehumet
Wu Jian
Xom
Yredelemnul
Zin
The Shining One

Shops:
D:5 (   D:6 %


Innate Abilities, Weirdness & Mutations

You reflexively headbutt those who attack you in melee.
You have a pair of large horns on your head.
You are clumsy. (Dex -2)
Your body sometimes deteriorates upon taking damage.
You are somewhat resistant to further mutation.


Message History

You block the hellwing's attack.
You hit the hellwing. You freeze the hellwing.
The hellwing is moderately wounded.
You hit the hellwing. You freeze the hellwing.
The hellwing is heavily wounded.
You block the very large slime creature's attack.
You block the hellwing's attack. The hellwing barely misses you.
The orc high priest invokes the aid of Beogh against you.
Beogh smites you!
Your body deteriorates!
You feel weakened.
It was a potion of ambrosia.
You are confused.
You feel invigorated. The very large slime creature hits you.
The hellwing hits you!
* * * LOW HITPOINT WARNING * * *
The hellwing hits you but does no damage.
You bump into the rock wall.
The very large slime creature hits you!!!
Ouch! That really hurt!
You die...

#.# #.......>.........# #.#
#.# ###...........#.## #.#
#.######...#########.# #.#
#...............####.#####.###
########......................
##############.#######....#
.......####............#.###
..8..8..8##.##..........)..>
.........)#@#########....###
........)oJ4# ######!..##
..........### #........#
..8..8..8## #.####.#.#
.......### #.#.# #######
........# #########


You could see a very large slime creature, an orc high priest and a hellwing.

Vanquished Creatures
  2 hydras (D:12)
  2 two-headed ogres
  The ghost of zeke the Cleaver, a novice MiFi of Okawaru (D:8)
  3 skeletal warriors (D:13)
  The ghost of Kurtz the Thaumaturge, a novice KoIE of Vehumet (D:9)
  An unseen horror (D:11)
  2 ugly things (D:12)
  An orc sorcerer (D:13)
  6 cyclopes
  3 slime creatures
  2 gargoyles
  A komodo dragon (D:10)
  A queen bee (D:12)
  4 trolls
  Grinder (D:3)
  4 hippogriffs (D:12)
  2 shadows
  26 yaks
  A wraith (D:13)
  A wyvern (D:10)
  2 steam dragons (D:11)
  The ghost of slep the Poker, an amateur DsGl (D:5)
  A soldier ant (D:12)
  Duvessa (D:7)
  2 water moccasins (D:7)
  4 sky beasts (D:11)
  An eye of draining (D:12)
  A black bear (Temple)
  2 necrophages
  6 orc warriors
  An ice beast (D:6)
  2 phantoms
  5 wolves (D:9)
  8 ogres
  2 centaurs
  2 big kobolds
  6 bullfrogs
  A wyvern zombie (D:11)
  Dowan (D:7)
  4 scorpions
  16 killer bees (D:12)
  4 jellies
  An electric eel (D:9)
  4 howler monkeys
  4 crimson imps
  A quasit (D:10)
  A bullfrog zombie (D:9)
  3 centaur zombies
  9 orc priests
  7 hounds
  Crazy Yiuf (D:4)
  3 centaur skeletons
  A gnoll shaman (D:7)
  11 orc wizards
  3 bullfrog skeletons
  3 iguanas
  12 worker ants
  Terence (D:2)
  A hound zombie (D:9)
  A hound skeleton (D:10)
  A howler monkey zombie (D:11)
  9 gnolls (D:7)
  9 adders
  4 shadow imps
  2 adder zombies
  An adder skeleton (D:4)
  7 worms
  A dart slug (D:1)
  6 leopard geckos
  57 orcs
  2 ball pythons
  6 giant cockroaches
  9 goblins
  14 hobgoblins
  15 jackals
  A quokka (D:2)
  11 bats
  3 frilled lizards
  A jackal zombie (D:6)
  16 kobolds
  A leopard gecko skeleton (D:6)
  2 quokka zombies
  9 rats
392 creatures vanquished.

Vanquished Creatures (others)
  A centaur (D:9)
1 creature vanquished.

Grand Total: 393 creatures vanquished

Notes
Turn   | Place    | Note
-------+----------+-------------------------------------------
     0 | D:1      | slep the Minotaur Fighter began the quest for the Orb.
     0 | D:1      | Reached XP level 1. HP: 19/19 MP: 0/0
   130 | D:1      | Reached XP level 2. HP: 27/27 MP: 1/1
   683 | D:1      | Reached XP level 3. HP: 33/33 MP: 2/2
   911 | D:2      | Found a snail-covered altar of Cheibriados.
   967 | D:2      | Reached skill level 3 in Polearms
   993 | D:2      | Noticed Terence
  1004 | D:2      | Killed Terence
  1129 | D:2      | Reached XP level 4. HP: 35/40 MP: 3/3
  1362 | D:2      | Found an ancient bone altar of Kikubaaqudgha.
  1531 | D:3      | Noticed Grinder
  1558 | D:3      | Paralysed by Grinder for 2 turns
  1562 | D:3      | Paralysed by Grinder for 7 turns
  1577 | D:3      | Killed Grinder
  1577 | D:3      | Reached skill level 5 in Polearms
  1577 | D:3      | Reached skill level 5 in Armour
  1577 | D:3      | Reached skill level 1 in Dodging
  1577 | D:3      | Reached XP level 5. HP: 47/47 MP: 4/4
  1577 | D:3      | Reached XP level 6. HP: 53/53 MP: 5/5
  1702 | D:3      | Reached skill level 5 in Shields
  2061 | D:4      | Found a shattered altar of Ashenzari.
  2095 | D:4      | Found a staircase to the Ecumenical Temple.
  2106 | Temple   | Entered the Ecumenical Temple
  2868 | Temple   | Reached XP level 7. HP: 21/60 MP: 6/6
  3217 | D:4      | Reached skill level 6 in Polearms
  3532 | D:4      | Found a runed door.
  3626 | D:4      | Reached skill level 5 in Fighting
  3902 | D:4      | Noticed Crazy Yiuf
  3905 | D:4      | Killed Crazy Yiuf
  3905 | D:4      | Reached skill level 1 in Stealth
  4008 | D:5      | Entered Level 5 of the Dungeon
  4096 | D:5      | Reached XP level 8. HP: 68/68 MP: 7/7
  4241 | D:5      | Found a radiant altar of Vehumet.
  4243 | D:5      | Noticed slep's ghost (amateur DsGl)
  4267 | D:5      | Killed slep's ghost
  4267 | D:5      | Reached skill level 7 in Polearms
  4394 | D:5      | Found Gaow's Weapon Shop.
  4704 | D:6      | Reached skill level 8 in Polearms
  4745 | D:6      | Got a polished chain mail
  4756 | D:6      | Identified the cursed +0 chain mail "Giol" {Regen+ Int+3} (You found it on level 6 of the Dungeon)
  4786 | D:6      | Found a shadowy altar of Dithmenos.
  4855 | D:6      | Found Xewibaez's Food Boutique.
  5111 | D:6      | Reached skill level 9 in Polearms
  5475 | D:7      | Reached XP level 9. HP: 75/75 MP: 8/8
  5673 | D:7      | Found an iron altar of Okawaru.
  5673 | D:7      | Found a basalt altar of Yredelemnul.
  5673 | D:7      | Found an ornate altar of the Wu Jian Council.
  5673 | D:7      | Noticed Duvessa
  5674 | D:7      | Noticed Dowan
  5691 | D:7      | Killed Dowan
  5699 | D:7      | Became a worshipper of Warmaster Okawaru
  5707 | D:7      | Killed Duvessa
  5823 | D:7      | Reached skill level 10 in Polearms
  5905 | D:7      | Reached skill level 1 in Unarmed Combat
  6625 | D:8      | Noticed zeke's ghost (novice MiFi)
  6643 | D:8      | Killed zeke's ghost
  6643 | D:8      | Reached * piety under Okawaru
  6643 | D:8      | Reached ** piety under Okawaru
  6643 | D:8      | Reached skill level 11 in Polearms
  7002 | D:8      | Noticed a two-headed ogre
  7010 | D:8      | Killed a two-headed ogre
  7010 | D:8      | Reached XP level 10. HP: 77/86 MP: 9/9
  7023 | D:8      | Found a blossoming altar of Fedhas.
  7023 | D:8      | Found a deep blue altar of Sif Muna.
  7024 | D:8      | Found a sparkling altar of Nemelex Xobeh.
  7106 | D:9      | Reached *** piety under Okawaru
  7185 | D:9      | Noticed Kurtz's ghost (novice KoIE)
  7192 | D:9      | Noticed a two-headed ogre
  7224 | D:9      | Killed a two-headed ogre
  7224 | D:9      | Reached **** piety under Okawaru
  7224 | D:9      | Reached skill level 12 in Polearms
  7232 | D:9      | Killed Kurtz's ghost
  7257 | D:9      | Found a staircase to the Lair.
  7489 | D:9      | Found a staircase to the Orcish Mines.
  7673 | D:10     | Entered Level 10 of the Dungeon
  7712 | D:10     | Reached ***** piety under Okawaru
  7718 | D:10     | Reached XP level 11. HP: 58/95 MP: 10/10
  7765 | D:10     | Reached skill level 10 in Armour
  7935 | D:10     | Reached skill level 13 in Polearms
  8075 | D:10     | Got a faintly humming robe
  8165 | D:10     | Received a gift from Okawaru
  8464 | D:11     | Reached skill level 10 in Shields
  8536 | D:11     | Killed an unseen horror
  8821 | D:11     | Gained mutation: You are clumsy. (Dex -2) [mutagenic meat]
  8933 | D:11     | Gained mutation: You have a pair of large horns on your head. [mutagenic meat]
  8934 | D:11     | Gained mutation: Your body sometimes deteriorates upon taking damage. [mutagenic meat]
  8935 | D:11     | Gained mutation: You are somewhat resistant to further mutation. [mutagenic meat]
  9564 | D:12     | Noticed a six-headed hydra
  9569 | D:12     | Killed a six-headed hydra
  9649 | D:12     | Reached skill level 14 in Polearms
  9710 | D:12     | Received a gift from Okawaru
  9721 | D:12     | Reached XP level 12. HP: 67/106 MP: 11/11
  9980 | D:12     | Reached skill level 10 in Fighting
 10042 | D:12     | Reached ****** piety under Okawaru
 10052 | D:12     | Received a gift from Okawaru
 10186 | D:12     | Noticed a seven-headed hydra
 10191 | D:12     | Killed a seven-headed hydra
 10550 | D:13     | Found a runed door.
 10708 | D:13     | Noticed an orc high priest
 10733 | D:13     | Annihilated by a very large slime creature

Vault maps used:
D:1:      nzn_arrival_depleted_hourglass, kennysheep_small_spiral
D:2:      cheibriados_altar_1, lemuel_coloured_pillars_altar, serial_curves,
          eino_curves_01, eino_curves_04, kennysheep_cross_bottleneck,
          uniq_terence
D:3:      uniq_grinder
D:4:      nicolae_ashenzari_panopticon, minmay_temple_entry_glass,
          uniq_crazy_yiuf_cottage
D:5:      serial_shops, shop, first_bread, vehumet_altar_wand_db
D:6:      nicolae_dithmenos_shadow_blocks, serial_shops, kennysheep_mini,
          hangedman_decor_clover_reticule
D:7:      gammafunk_temple_overflow_forgotten, uniq_duvessa
D:8:      gammafunk_temple_overflow_claw
D:9:      erik_lair_island, orc_0_dummy
D:12:     david_nohive_1
D:13:     minmay_gate_of_8, lightli_church_of_beogh
Temple:   minmay_temple_bridge_abc

Skill      XL: |  1  2  3  4  5  6  7  8  9 10 11 12 |
---------------+-------------------------------------+-----
Armour         | 4 5 6 7 9 10 11 | 11.6
Fighting       | 4 5 6 7 8 9 11 | 11.2
Shields        | 4 5 6 8 9 11 13 | 13.2
Polearms       | 3 5 6 9 11 12 14 | 14.8
Dodging        | 1 2 3 4 |  4.7
Stealth        | 1 |  1.7
Unarmed Combat | 1 |  1.0

Action                   |  1- 3 |  4- 6 |  7- 9 | 10-12 || total
-------------------------+-------+-------+-------+-------++-------
Melee: Trident           |   100 |   182 |   308 |   682 ||  1272
       Headbutt          |    13 |    20 |    51 |   157 ||   241
       Unarmed           |       |       |     8 |       ||     8
Evoke: Wand              |       |       |       |     1 ||     1
  Use: Potion            |       |     5 |     2 |     3 ||    10
 Stab: Confused          |       |       |     1 |       ||     1
  Eat: Chunk             |     1 |     4 |    15 |    19 ||    39
Armor: Scale mail        |    36 |    91 |    28 |       ||   155
       Skin              |       |     9 |     2 |       ||    11
       Chain mail        |       |       |    55 |   179 ||   234
Dodge: Dodged            |    26 |    79 |    59 |   103 ||   267
Block: Shield            |    44 |   130 |   130 |   120 ||   424
       Reflection        |       |       |       |     3 ||     3
       Large shield      |       |       |       |   233 ||   233

Table legend:
 A = Spawn XP
 B = Non-spawn XP
 C = Spawn XP percentage of total XP
 D = Spawn monster count
 E = Non-spawn monster count
 F = Spawn count percentage of total count
 G = Total turns spent on level
                    A         B        C        D         E        F      G
               +---------+---------+-------+---------+---------+-------+---------
         Total |       0 |   35456 |   0.0 |       0 |     393 |   0.0 | 10733
               +---------+---------+-------+---------+---------+-------+---------
           D:1 |       0 |      43 |   0.0 |       0 |      25 |   0.0 |   911
           D:2 |       0 |     113 |   0.0 |       0 |      32 |   0.0 |   620
           D:3 |       0 |     420 |   0.0 |       0 |      32 |   0.0 |   480
           D:4 |       0 |     591 |   0.0 |       0 |      24 |   0.0 |  1224
           D:5 |       0 |     364 |   0.0 |       0 |      15 |   0.0 |   667
           D:6 |       0 |     986 |   0.0 |       0 |      24 |   0.0 |   787
           D:7 |       0 |    1456 |   0.0 |       0 |      32 |   0.0 |   870
           D:8 |       0 |    2115 |   0.0 |       0 |      15 |   0.0 |   729
           D:9 |       0 |    3553 |   0.0 |       0 |      29 |   0.0 |   612
          D:10 |       0 |    3287 |   0.0 |       0 |      28 |   0.0 |   772
          D:11 |       0 |    5387 |   0.0 |       0 |      43 |   0.0 |  1119
          D:12 |       0 |   10615 |   0.0 |       0 |      56 |   0.0 |   688
          D:13 |       0 |    6342 |   0.0 |       0 |      31 |   0.0 |   481
        Temple |       0 |     184 |   0.0 |       0 |       7 |   0.0 |   773
               +---------+---------+-------+---------+---------+-------+---------
